 Dungeon Crawl Stone Soup version 0.28-a0-1087-gf3fc490d9d (webtiles) character file.

Game seed: 5511731715249994749

220 ytrimaz the Insei (level 5, -1/34 HPs)
             Began as an Octopode Transmuter on Dec 10, 2021.
             Slain by an ufetubus (5 damage)
             ... on level 4 of the Dungeon.
             The game lasted 00:02:43 (3119 turns).

ytrimaz the Insei (Octopode Transmuter)             Turns: 3119, Time: 00:02:44

Health: -1/34      AC:  1    Str: 10    XL:     5   Next: 97%
Magic:  5/9        EV: 13    Int: 15    God:
Gold:   75         SH:  0    Dex: 12    Spells: 4/10 levels left

rFire   . . .      SeeInvis .     - Unarmed
rCold   . . .      Faith    .   (no shield)
rNeg    . . .      Spirit   .   (helmet restricted)
rPois   .          Reflect  .   (no amulet)
rElec   .          Harm     .   (no ring)
rCorr   .          Rampage  .   (no ring)
Will    .....                   (no ring)
Stlth   ++........              (no ring)
HPRegen 0.11/turn               (no ring)
MPRegen 0.11/turn               (no ring)
                                (no ring)
                                (no ring)

@: wereblooded
A: almost no armour, amphibious, 8 rings, camouflage 1, gelatinous body 1,
(nimble swimmer 1), tentacles, dopey 1
a: no special abilities


You were on level 4 of the Dungeon.
You visited 1 branch of the dungeon, and saw 4 of its levels.

You collected 75 gold pieces.

Inventory:

Scrolls
 b - a scroll of teleportation
 c - 2 scrolls of enchant armour
Potions
 a - a potion of flight {unknown}
 d - a potion of magic
 e - a potion of berserk rage
 f - a potion of might {unknown}
 g - a potion of invisibility {unknown}
 h - 2 potions of lignification


   Skills:
 * Level 2.2 Fighting
 - Level 2.5 Dodging
 + Level 4.0 Unarmed Combat
 * Level 3.3 Spellcasting
 * Level 3.2 Transmutations
 * Level 1.1 Poison Magic


You had 4 spell levels left.
You knew the following spells:

 Your Spells              Type           Power      Damage    Failure   Level
a - Beastly Appendage     Tmut           24%        N/A       5%          1
b - Spider Form           Tmut/Pois      8%         N/A       24%         3
c - Wereblood             Tmut           12%        N/A       8%          2

Your spell library contained the following spells:

 Spells                   Type           Power      Damage    Failure   Level
 Ice Form                 Ice/Tmut       7%         N/A       69%         4


Dungeon Overview and Level Annotations

Branches:
Dungeon (4/15)
 Temple: D:4-7

Altars:

Shops:
D:3 (


Innate Abilities, Weirdness & Mutations

You cannot wear most types of armour.
You are amphibious.
You can wear up to eight rings at the same time.
Your skin changes colour to match your surroundings (Stealth+).
Your rubbery body absorbs attacks. (AC +1, EV +1)
((You are camouflaged near water. (Stealth+)))
You have tentacles for arms and can constrict up to eight enemies at once.
You are dopey. (Int -2)


Message History

Confirm with . or Enter, or press ? or * to list all spells.
Your blood is infused with primal strength.
The ufetubus hits you. The ufetubus closely misses you.
The ufetubus barely misses you. The ufetubus misses you.
You are too injured to fight recklessly!
You are too injured to fight recklessly!
You are too injured to fight recklessly!
Unknown command.
You miss the ufetubus. Your grab misses the ufetubus.
Your tentacle-slap misses the ufetubus.
The ufetubus is severely wounded.
The ufetubus barely misses you. The ufetubus hits you.
You are too injured to fight recklessly!
Unknown command.
You closely miss the ufetubus. Your grab misses the ufetubus.
The ufetubus is severely wounded.
The ufetubus closely misses you.
The ufetubus hits you but does no damage.
The ufetubus closely misses you. The ufetubus misses you.
You closely miss the ufetubus. Your grab misses the ufetubus.
You tentacle-slap the ufetubus, but do no damage.
The ufetubus is severely wounded.
The ufetubus hits you.
* * * LOW HITPOINT WARNING * * *
The ufetubus closely misses you.
Unknown command.
You closely miss the ufetubus. Your grab misses the ufetubus.
The ufetubus is heavily wounded.
The ufetubus hits you.
* * * LOW HITPOINT WARNING * * *
The ufetubus hits you.
* * * LOW HITPOINT WARNING * * *
Unknown command.
Casting: Wereblood (safe; 8% risk of failure)
Confirm with . or Enter, or press ? or * to list all spells.
Your blood is freshly infused with primal strength!
The ufetubus hits you.
* * * LOW HITPOINT WARNING * * *
The ufetubus hits you.
You die...

............
........... ..........#
......)... .. .....$...
.###..> .[.....g#
......... .....Sgg#
#.........
......h5###.........
......##@#..........###
..#....................
. ##.....<.............
#....................
......................
............##........
......................
..#............†......
..#........#.).....###


You could see a hound, an adder, an ufetubus, 2 hobgoblins and a goblin.

Vanquished Creatures
  A black bear (D:3)
  A jelly (D:4)
  Jessica (D:3)
  2 adders
  A worm (D:2)
  A dart slug (D:4)
  8 endoplasms
  3 giant cockroaches
  4 goblins
  A hobgoblin (D:2)
  3 jackals (D:1)
  7 kobolds
  3 quokkas
  6 ball pythons
  3 bats
  A frilled lizard (D:1)
  5 rats
  A spectral kobold (D:1)
52 creatures vanquished.

Notes
Turn   | Place    | Note
-------+----------+-------------------------------------------
     0 | D:1      | ytrimaz the Octopode Transmuter began the quest for the
                  | Orb.
     0 | D:1      | Reached XP level 1. HP: 13/13 MP: 3/3
    83 | D:1      | Found a faded altar of an unknown god.
   250 | D:1      | Reached XP level 2. HP: 9/18 MP: 3/5
  1096 | D:2      | You fall into a shaft and drop 1 floor!
  1101 | D:3      | Noticed a black bear
  1117 | D:3      | Gained mutation: You are dopey. (Int -2) [potion of
                  | mutation]
  1121 | D:3      | Killed a black bear
  1122 | D:3      | Reached XP level 3. HP: 5/24 MP: 7/7
  1122 | D:3      | Reached XP level 4. HP: 6/29 MP: 8/8
  1393 | D:3      | Learned a level 3 spell: Spider Form
  1396 | D:3      | Learned a level 2 spell: Wereblood
  1602 | D:3      | Found Wikonk's Weapon Shoppe.
  1650 | D:3      | Reached XP level 5. HP: 30/34 MP: 7/9
  1848 | D:3      | Noticed Jessica
  1858 | D:3      | Killed Jessica
  2973 | D:4      | Reached skill level 4 in Unarmed Combat
  2973 | D:4      | Reached skill level 1 in Poison Magic
  3119 | D:4      | Slain by an ufetubus

Illustrated notes

Levels and vault maps discovered:
D:1:      nicolae_arrival_somewhat_less_tricky_arrival, layout_loops_ring,
          dreamdust_ecumenical_altar_drowned_temple
D:2:      layout_basic
D:3:      layout_rooms, serial_shops, shop_statue, st_stairs_5, uniq_jessica
D:4:      layout_cave_pools, mainiacjoe_overflow_catwalk_spiral, minivault_24,
          chequers_avenue, uniq_menkaure, uniq_blork_the_orc, uniq_natasha,
          uniq_ijyb

Skill      XL: |  1  2  3  4  5 |
---------------+----------------+-----
Fighting       | 2 |  2.2
Spellcasting   | 3 |  3.3
Transmutations | 3 |  3.2
Unarmed Combat | 4 |  4.0
Poison Magic   | 1 |  1.1
Dodging        | |  2.5

Action                   |  1- 3 |  4- 6 || total
-------------------------+-------+-------++-------
Melee: Unarmed           |    46 |    76 ||   122
       Constrict         |    13 |    14 ||    27
       Tentacles         |     8 |    14 ||    22
       Kick              |     8 |    11 ||    19
       Punch             |     4 |     3 ||     7
 Cast: Beastly Appendage |    11 |    12 ||    23
       Wereblood         |       |     3 ||     3
  Use: Potion            |     3 |       ||     3
       Scroll            |     2 |     5 ||     7
 Stab: Sleeping          |     3 |     3 ||     6
Armor: Skin              |     2 |    10 ||    12
Dodge: Dodged            |    35 |    53 ||    88

Table legend: (Time is in decaauts)
 A = Elapsed time spent in this place.
 B = Non-inter-level travel time spent in this place.
 C = Inter-level travel time spent in this place.
 D = Time resting spent in this place.
 E = Time spent auto-exploring this place.
 F = Levels seen in this place.
 G = Mean time per level.
                   A        B        C        D        E       F      G
               +--------+--------+--------+--------+--------+-----+--------+
         Total |   3125 |   3030 |     95 |      1 |   2605 |   4 |  781.2 |
       Dungeon |   3125 |   3030 |     95 |      1 |   2605 |   4 |  781.2 |
               +--------+--------+--------+--------+--------+-----+--------+

Top non-repeatable levels by time:
     D:1: 1090 daAuts
     D:3: 971 daAuts
     D:2: 908 daAuts
     D:4: 154 daAuts
